 Dungeon Crawl Stone Soup version 0.30-a0-7-g94fe547ab8 (webtiles) character file.

Game seed: 2434951127435255687

240 Plasmagod the Skirmisher (level 5, 0/30 HPs)
             Began as a Deep Elf Hunter on Aug 23, 2022.
             Killed from afar by Dowan (7 damage)
             ... with a puff of flame
             ... on level 4 of the Dungeon.
             The game lasted 00:04:11 (1974 turns).

Plasmagod the Skirmisher (Deep Elf Hunter)          Turns: 1974, Time: 00:04:12

Health: 0/30       AC:  3    Str:  8    XL:     5   Next: 79%
Magic:  7/7        EV: 12    Int: 14    God:
Gold:   128        SH:  0    Dex: 20    Spells: 4/4 levels left

rFire   . . .      SeeInvis .    a - +0 shortbow
rCold   . . .      Faith    .    (shield currently unavailable)
rNeg    . . .      Spirit   .    c - +0 leather armour
rPois   .          Reflect  .    (no helmet)
rElec   .          Harm     .    (no cloak)
rCorr   .          Rampage  .    (no gloves)
Will    .....                    (no boots)
Stlth   ++........               (no amulet)
HPRegen 0.10/turn                (no ring)
MPRegen 0.10/turn                (no ring)

@: no status effects
A: no striking features
a: no special abilities


You were on level 4 of the Dungeon.
You visited 1 branch of the dungeon, and saw 4 of its levels.

You collected 128 gold pieces.

Inventory:

Hand Weapons
 a - a +0 shortbow (weapon)
Armour
 c - a +0 leather armour (worn)
 d - a +0 helmet
Jewellery
 s - a ring of poison resistance
Scrolls
 b - 2 scrolls of immolation
 f - 2 scrolls of fog {unknown}
 h - 2 scrolls of poison {unknown}
 j - 3 scrolls of identify {unknown}
 k - 3 scrolls of teleportation {unknown}
 m - a scroll of enchant weapon {unknown}
 q - a scroll of amnesia {unknown}
 t - 2 scrolls of enchant armour {unknown}
Potions
 e - 3 potions of curing {unknown}
 g - a potion of flight {unknown}
 i - 2 potions of mutation {unknown}
 n - 3 potions of heal wounds {unknown}
 o - 2 potions of brilliance {unknown}
 p - a potion of attraction {unknown}
 r - a potion of cancellation {unknown}
 u - a potion of berserk rage {unknown}


   Skills:
 - Level 1.8 Fighting
 + Level 9.1 Ranged Weapons
 - Level 2.7 Dodging
 - Level 1.8 Stealth


You had 4 spell levels left.
You didn't know any spells.
Your spell library contained the following spells:

 Spells                   Type           Power      Damage    Failure   Level
 Freeze                   Ice            0%         1d3       38%         1
 Call Canine Familiar     Summ           0%         N/A       77%         3
 Frozen Ramparts          Ice            0%         1d1       77%         3
 Portal Projectile        Hex/Tloc       0%         N/A       77%         3
 Hailstorm                Conj/Ice       0%         3d3       99%         4
 Leda's Liquefaction      Hex/Erth       0%         N/A       99%         4


Dungeon Overview and Level Annotations

Branches:
Dungeon (4/15)
 Temple: D:4-7

Altars:
Vehumet
Wu Jian

Shops:
D:2 !

Annotations:
D:4 Dowan, Duvessa


Message History

You shoot an arrow.
The arrow hits Duvessa but does no damage.
Duvessa says, "Practise, practise, practise!
One day you'll be as good as me."
Duvessa shoots a sling bullet.
The sling bullet misses you.
You hear a shout!
You shoot an arrow. The arrow hits Duvessa.
Duvessa is lightly wounded.
Duvessa shoots a sling bullet.
The sling bullet closely misses you.
You shoot an arrow. The arrow barely misses Duvessa.
Duvessa shoots a sling bullet.
The sling bullet hits you.
Duvessa shoots a sling bullet.
The sling bullet closely misses you.
You are too injured to fight recklessly!
You are too injured to fight recklessly!
Fire: a) +0 shortbow
Press: ? - help, Q - select action Shift-Dir - straight line, f/p - Duvessa
Aim: Duvessa, wielding a +0 sling and wearing a +0 chain mail (lightly wounded, 76% to hit)
You shoot an arrow. The arrow hits Duvessa.
Duvessa is lightly wounded.
Duvessa shoots a sling bullet.
The sling bullet barely misses you.
Fire: a) +0 shortbow
Press: ? - help, Q - select action Shift-Dir - straight line, f/p - Duvessa
Aim: Duvessa, wielding a +0 sling and wearing a +0 chain mail (lightly wounded, 76% to hit)
You shoot an arrow. The arrow hits Duvessa.
Duvessa is moderately wounded.
Duvessa shoots a sling bullet.
The sling bullet misses you.
Fire: a) +0 shortbow
Press: ? - help, Q - select action Shift-Dir - straight line, f/p - Duvessa
Aim: Duvessa, wielding a +0 sling and wearing a +0 chain mail (moderately wounded, 76% to hit)
You shoot an arrow. The arrow barely misses Duvessa.
Duvessa shoots a sling bullet.
The sling bullet hits you.
* * * LOW HITPOINT WARNING * * *
Dowan, Brother of Duvessa comes into view.
He is wielding a +2 dagger of protection and wearing a +2 robe of willpower.
Fire: a) +0 shortbow
Press: ? - help, Q - select action Shift-Dir - straight line, f/p - Duvessa
Aim: Duvessa, wielding a +0 sling and wearing a +0 chain mail (moderately wounded, 76% to hit)
You shoot an arrow.
The arrow hits Dowan but does no damage.
Dowan casts a spell at you. The puff of flame hits you!
You die...

#......####
##......)..#..# .#
#....##....)..e
#..###...###.[......
#.......## #........
##......## #........
##.......###e......#
#......†..........##
........@........##
#.........###..###
#####....## . ##...#
....# #####. #


You could see Dowan.

Vanquished Creatures
  An ogre (D:4)
  Natasha (twice) (D:3)
  An iguana (D:4)
  An adder (D:4)
  A worm (D:3)
  2 dart slugs (D:2)
  2 orcs
  6 ball pythons
  5 endoplasms
  6 giant cockroaches
  5 goblins
  5 hobgoblins
  2 quokkas
  3 bats
  3 frilled lizards
  5 kobolds
  5 rats
55 creatures vanquished.

Vanquished Creatures (others)
  A plant (D:2)
  5 withered plants (D:4)
6 creatures vanquished.

Grand Total: 61 creatures vanquished

Notes
Turn   | Place    | Note
-------+----------+-------------------------------------------
     0 | D:1      | Plasmagod the Deep Elf Hunter began the quest for the Orb.
     0 | D:1      | Reached XP level 1. HP: 12/12 MP: 3/3
   174 | D:1      | Reached XP level 2. HP: 15/17 MP: 4/4
   508 | D:2      | Found Bais's Distillery.
   554 | D:2      | Reached skill level 6 in Ranged Weapons
   842 | D:2      | Reached XP level 3. HP: 21/21 MP: 5/5
  1031 | D:2      | Found an ornate altar of the Wu Jian Council.
  1162 | D:3      | Noticed Natasha
  1167 | D:3      | Killed Natasha
  1254 | D:3      | Noticed Natasha
  1257 | D:3      | Killed Natasha
  1258 | D:3      | Reached skill level 7 in Ranged Weapons
  1258 | D:3      | Reached XP level 4. HP: 23/26 MP: 6/6
  1824 | D:4      | Noticed an ogre
  1833 | D:4      | Killed an ogre
  1834 | D:4      | Reached skill level 8 in Ranged Weapons
  1834 | D:4      | Reached XP level 5. HP: 24/30 MP: 7/7
  1834 | D:4      | Noticed an ogre
  1918 | D:4      | Found a radiant altar of Vehumet.
  1923 | D:4      | Reached skill level 9 in Ranged Weapons
  1929 | D:4      | Noticed Duvessa
  1973 | D:4      | Noticed Dowan
  1974 | D:4      | Killed from afar by Dowan

Illustrated notes

Levels and vault maps discovered:
D:1:      minmay_arrival_open_corners, layout_rooms, serial_glass,
          glass_columns_c, glass_columns_a
D:2:      cheibrodos_old_hovel, layout_basic, basic_altar, serial_shops,
          nicolae_shop_advertising_works [nicolae_subvault_shop_adworks],
          hangedman_abyss_or_decor_stabs
D:3:      layout_basic, uniq_natasha
D:4:      layout_layer_cave, nicolae_vehumet_altar_sigil,
          grunt_temple_overflow_growth_and_decay, uniq_duvessa

Skill      XL: |  1  2  3  4  5 |
---------------+----------------+-----
Ranged Weapons | 6 7 8 9 |  9.1
Fighting       | |  1.8
Dodging        | |  2.7
Stealth        | |  1.8

Action                   |  1- 3 |  4- 6 || total
-------------------------+-------+-------++-------
 Fire: Shortbow          |    99 |    72 ||   171
Throw: Throwing net      |       |     1 ||     1
Armor: Leather armour    |     6 |     5 ||    11
Dodge: Dodged            |    20 |    18 ||    38

Table legend: (Time is in decaauts)
 A = Elapsed time spent in this place.
 B = Non-inter-level travel time spent in this place.
 C = Inter-level travel time spent in this place.
 D = Time resting spent in this place.
 E = Time spent auto-exploring this place.
 F = Levels seen in this place.
 G = Mean time per level.
                   A        B        C        D        E       F      G
               +--------+--------+--------+--------+--------+-----+--------+
         Total |   2011 |   1951 |     60 |     28 |   1574 |   4 |  502.8 |
       Dungeon |   2011 |   1951 |     60 |     28 |   1574 |   4 |  502.8 |
               +--------+--------+--------+--------+--------+-----+--------+

Top non-repeatable levels by time:
     D:2: 676 daAuts
     D:3: 635 daAuts
     D:1: 508 daAuts
     D:4: 191 daAuts
